 Dungeon Crawl Stone Soup version 0.17-a0-2127-g1cb09f6 (webtiles) character file.

16 esc the Insei (level 2, 0/18 HPs)
             Began as an Octopode Transmuter on Oct 21, 2015.
             Slain by a jackal (2 damage)
             ... on level 1 of the Dungeon on Oct 23, 2015.
             The game lasted 00:00:52 (172 turns).

esc the Insei (Octopode Transmuter)                  Turns: 172, Time: 00:00:52

Health: 0/18       AC:  1    Str:  9    XL:     2   Next: 54%
Magic:  4/5        EV: 12    Int: 15    God:
Gold:   25         SH:  0    Dex: 12    Spells: 1 memorised, 4 levels left

rFire  . . .     SeeInvis .       - Unarmed
rCold  . . .     Clarity  .     (no shield)
rNeg   . . .     SustAt   .     (helmet restricted)
rPois  .         Gourm    .     (no amulet)
rElec  .         Spirit   .     (no ring)
rCorr  .         Warding  .     (no ring)
rMut   .         Stasis   .     (no ring)
MR     .....                    (no ring)
Stlth  ++........               (no ring)
                                (no ring)
                                (no ring)
                                (no ring)

@: appendage, flying, not resistant to hostile enchantments, unstealthy
A: almost no armour, amphibious, 8 rings, constrict 8, tentacle spike 3,
camouflage 1, gelatinous body 1
a: End Transformation


You were on level 1 of the Dungeon.
You were not hungry.
One of your tentacles had a temporary spike.
You visited 1 branch of the dungeon, and saw 1 of its levels.

You collected 25 gold pieces.

Inventory:

Missiles
 a - 12 arrows
Books
 b - a book of Changes
Comestibles
 c - 2 bread rations {@e1}
 d - 4 chunks of flesh {@w0}


   Skills:
 + Level 1.4 Fighting
 + Level 2.3 Dodging
 + Level 3.2 Unarmed Combat
 + Level 2.1 Spellcasting
 + Level 2.0 Transmutations


You had 4 spell levels left.
You knew the following spells:

 Your Spells              Type           Power        Failure   Level  Hunger
a - Beastly Appendage     Trmt           #.....       12%         1    #......


Dungeon Overview and Level Annotations

Branches:
Dungeon (1/15)

Altars:


Innate Abilities, Weirdness & Mutations

You cannot wear most types of armour.
You are amphibious.
You can wear up to eight rings at the same time.
You can use your tentacles to constrict eight enemies at once.
Your skin changes colour to match your surroundings (Stealth).
Your rubbery body absorbs attacks (AC +1).
One of your tentacles bears a large vicious spike.


Message History

The hobgoblin hits you but does no damage.
You completely miss the hobgoblin. You constrict the hobgoblin.
The hobgoblin barely misses you.
You tentacle-slap the hobgoblin but do no damage.
You squeeze the hobgoblin.
You kill the hobgoblin!
No target in view!
No target in view!
No target in view!
No target in view!
No target in view!
No target in view!
No target in view!
No target in view!
No target in view!
No target in view!
No target in view!
No target in view!
No target in view!
No target in view!
You see here a bat corpse.
You butcher the bat corpse.
d - 3 chunks of flesh {@w0} (gained 1)
You see here a bat skeleton.
Things that are here:
a club; a hobgoblin corpse You butcher the hobgoblin corpse.
d - 4 chunks of flesh {@w0} (gained 1)
You see here a club.
You see here a bat skeleton.
f - a sapphire potion You now have 11 gold pieces.
You now have 25 gold pieces (gained 14).
A kobold comes into view.
The kobold shouts!
Health restored: 18 The kobold hits you.
You take 1 damage, and have 17/18 hp.
You tentacle-slap the kobold. You grab the kobold.
You constrict the kobold, but do no damage.
The kobold hits you.
A jackal and a goblin come into view.
You take 3 damage, and have 14/18 hp.
You barely miss the kobold. You constrict the kobold. The kobold hits you.
The goblin moves out of view.
The jackal barks!
A jackal comes into view.
You take 3 damage, and have 11/18 hp.
The jackal barks!
You tentacle-slap the kobold but do no damage.
You constrict the kobold, but do no damage.
You hear a shout!
The kobold misses you. The jackal barely misses you.
A jackal comes into view.
You tentacle-slap the kobold.
You kill the kobold!
The jackal barely misses you.
You miss the jackal.
The goblin shouts!
You grab the jackal. You squeeze the jackal.
You constrict the jackal, but do no damage.
The jackal barely misses you. The jackal bites you.
The jackal barely misses you.
You take 2 damage, and have 10/18 hp.
You barely miss the jackal. You constrict the jackal. The jackal bites you.
The jackal bites you.
You take 3 damage, and have 7/18 hp.
You tentacle-slap the jackal. You constrict the jackal.
You kill the jackal!
The jackal bites you but does no damage.
The jackal closely misses you. x2
You tentacle-slap the jackal but do no damage.
You grab the jackal.
You constrict the jackal, but do no damage.
The jackal bites you. The jackal barely misses you.
The jackal barely misses you.
You take 1 damage, and have 6/18 hp.
You tentacle-slap the jackal. You constrict the jackal. The jackal bites you.
* * * LOW HITPOINT WARNING * * *
The jackal misses you.
You are too injured to fight recklessly!
You are too injured to fight recklessly!
You are too injured to fight recklessly!
You take 3 damage, and have 3/18 hp.
You are too injured to fight recklessly!
You release your grip on the jackal.
The jackal closely misses you.
Drink which item? (? for menu, Esc to quit)
It was a potion of flight.
You feel very buoyant.
You fly up into the air.
The jackal barely misses you.
Read which item? (? for menu, Esc to quit)
As you read the scroll labeled UGASYR ATWYFEC, it crumbles to dust.
It is a scroll of identify.
You don't have any unidentified items.
The jackal misses you. The jackal bites you.
* * * LOW HITPOINT WARNING * * *
You take 1 damage, and have 2/18 hp.
One of your tentacles grows a vicious spike.
The jackal bites you.
You die...

####........# #
#...##'### .# #
#..##♣.♣#### .# #
#..#..<..#.# .# .
####..##≈≈≈##.# .### ..
.......#PPP#..# .#.#...
.......#####..# .......
..............####.......
####...#........@hg......
#...###########h......
#...# #...### #...# ..##
#.... ## #...## .....
.##....


You could see 2 jackals and a goblin.

Vanquished Creatures
  An ooze (D:1)
  2 hobgoblins (D:1)
  3 jackals (D:1)
  2 kobolds (D:1)
  2 bats (D:1)
  A goblin (D:1)
11 creatures vanquished.

Notes
Turn   | Place    | Note
--------------------------------------------------------------
     0 | D:1      | esc the Octopode Transmuter began the quest for the Orb.
     0 | D:1      | Reached XP level 1. HP: 13/13 MP: 3/3
     7 | D:1      | Upgraded the game from 0.17-a0-2122-g03d97ec to 0.17-a0-2127-g1cb09f6
    35 | D:1      | Reached XP level 2. HP: 16/18 MP: 5/5
   168 | D:1      | HP: 3/18 [jackal (3)]
   172 | D:1      | Slain by a jackal

Vault maps used:
D:1:      tarquinn_simple_flora_water_e

Action                   || total
-------------------------++-------
Melee: Unarmed           ||    28
 Cast: Beastly Appendage ||     1
  Use: Scroll            ||     1
       Potion            ||     1
 Stab: Sleeping          ||     1

Vault maps used:
D:1:      tarquinn_simple_flora_water_e

Table legend:
 A = Turns spent in this place as a percentage of turns spent in the entire game.
 B = Non-inter-level travel turns spent in this place as a percentage of non-inter-level travel turns spent in the entire game.
 C = Inter-level travel turns spent in this place as a percentage of turns spent in this place.
 D = Turns resting spent in this place as a percentage of non-inter-level travel turns spent in this place.
 E = Turns spent auto-exploring this place as a percentage of non-inter-level travel turns spent in this place.
 F = Non-inter-level travel turns spent in this place divided by the number of levels of this place that you've seen.
                   A       B       C       D       E      F
               +-------+-------+-------+-------+-------+----------------------
         Total | 100.0 | 100.0 |   0.0 |   0.0 |   5.0 | 119.0
       Dungeon | 100.0 | 100.0 |   0.0 |   0.0 |   5.0 | 119.0
               +-------+-------+-------+-------+-------+----------------------

Table legend:
 A = Kills in this place as a percentage of kills in entire the game.
 B = Kills by you in this place as a percentage of kills by you in the entire game.
 C = Kills by friends in this place as a percentage of kills by friends in the entire game.
 D = Other kills in this place as a percentage of other kills in the entire game.
 E = Experience gained in this place as a percentage of experience gained in the entire game.
 F = Experience gained in this place divided by the number of levels of this place that you have seen.
                   A       B       C       D       E      F
               +-------+-------+-------+-------+-------+----------------------
         Total | 100.0 | 100.0 |  -nan |  -nan | 100.0 |  23.0
       Dungeon | 100.0 | 100.0 |  -nan |  -nan | 100.0 |  23.0
               +-------+-------+-------+-------+-------+----------------------
